Map: Abyssal Reef LE

Players

Geeden

  • Race: Zerg Zerg
  • League: Master
  • Spawn Location: 11:00

Sugar - Winner!

  • Race: Terran Terran
  • Spawn Location: 5:00

Event: HopeTL

VOD

https://www.youtube.com/watch?v=9bOc8rEuMS8&index=8&list=PL9QsjkBYtQM7NVZEDVfaNugqO61aBOlm6

Description

Time

  • Played on: Sept. 26, 2017, 6:56 p.m.
  • Length: 8:13
Show
View Real Time Build Order
Export as new Build Order

Geeden Zerg 

Build Orders: Hatch First 

Get SALT Encoding   

  12  0:00  Drone  
  13  0:13  Overlord  
  13  0:17  Drone  
  14  0:31  Drone x2  
  16  0:35  Drone  
  17  0:54  Hatchery  
  17  0:56  Drone  
  17  0:58  Drone  
  18  1:10  Extractor  
  17  1:14  Spawning Pool  
  17  1:17  Drone  
  17  1:20  Drone  
  18  1:28  Drone  
  19  1:41  Overlord  
  19  1:50  Drone  
  20  2:01  Queen  
  22  2:02  Zergling x2  
  22  2:06  Zergling x2, Queen  
  26  2:10  Metabolic Boost  
  26  2:18  Drone x2  
  28  2:28  Drone x2  
  30  2:36  Spore Crawler  
  28  2:41  Drone  
  30  2:50  Drone x3  
  32  2:54  Overlord  
  31  3:06  Overlord  
  31  3:07  Drone  
  31  3:09  Queen x2  
  36  3:24  Zergling x6  
  38  3:35  Drone x3  
  38  3:36  Hatchery  
  38  3:38  Drone  
  41  3:52  Drone x3  
  41  3:53  Drone x5  
  49  4:00  Drone  
  50  4:03  Queen  
  50  4:05  Overlord  
  50  4:09  Overlord  
  52  4:18  Overlord  
  52  4:22  Overlord x2  
  52  4:23  Queen  
  52  4:26  Extractor  
  52  4:29  Zergling x10  
  56  4:40  Evolution Chamber  
  56  4:42  Evolution Chamber  
  56  4:45  Drone  
  55  4:47  Baneling Nest  
  54  4:58  Zergling x10  
  59  5:07  Queen  
  59  5:08  Overlord, Zerg Ground Armor Level 1  
  59  5:10  Drone x2  
  63  5:18  Drone x5  
  65  5:30  Spore Crawler  
  62  5:35  Lair  
  62  5:36  Drone x5  
  62  5:37  Drone x3  
  62  5:41  Drone x2  
  72  5:50  Drone x2  
  72  5:53  Drone x4  
  58  6:13  Drone  
  58  6:14  Drone x6  
  62  6:31  Drone x4  
  62  6:32  Drone x3  
  69  6:33  Drone  
  69  6:38  Drone x2  
  72  6:53  Drone  
  70  6:54  Drone x2  
  70  6:55  Drone x7  
  70  7:01  Spire  
  78  7:16  Hatchery  
  77  7:27  Zergling x26  
  85  7:34  Zergling x8  
  85  7:35  Zergling x4  
  91  7:40  Extractor  
  90  7:58  Hatchery  
Show
View Real Time Build Order
Export as new Build Order

Sugar Terran - Winner!

Build Orders: Reaper Expand, MMM Bio 

Get SALT Encoding   

  12  0:00  SCV  
  13  0:13  SCV  
  14  0:17  Supply Depot  
  14  0:25  SCV  
  15  0:38  SCV  
  15  0:40  Barracks  
  16  0:45  Refinery  
  16  0:50  SCV  
  17  1:03  SCV  
  18  1:15  SCV  
  19  1:27  Orbital Command  
  19  1:28  Reaper  
  20  1:45  Command Center  
  20  1:54  Supply Depot  
  20  1:56  SCV  
  21  2:02  Barracks Reactor  
  21  2:07  Refinery  
  22  2:08  SCV  
  22  2:20  SCV  
  23  2:23  Factory  
  23  2:32  SCV  
  24  2:39  Marine  
  24  2:40  Marine  
  26  2:44  SCV  
  27  2:56  SCV  
  28  3:09  Starport, SCV, Orbital Command  
  29  3:13  Barracks Tech Lab, Hellion x2  
  33  3:21  SCV  
  34  3:29  Supply Depot  
  34  3:33  SCV  
  35  3:34  SCV, Hellion x2  
  40  3:43  Barracks Tech Lab  
  40  3:45  SCV  
  40  3:46  SCV  
  42  3:55  Supply Depot  
  42  3:56  Raven  
  42  3:57  SCV  
  42  4:00  Hellion x2  
  42  4:02  SCV  
  50  4:05  Marine, Stimpack  
  50  4:09  SCV  
  52  4:18  Supply Depot  
  52  4:21  SCV  
  52  4:23  Marine  
  54  4:30  SCV  
  55  4:35  Command Center  
  55  4:37  SCV  
  56  4:39  Raven  
  56  4:41  Marine  
  59  4:53  Factory Reactor  
  59  4:55  Barracks  
  59  4:57  Barracks  
  59  5:08  Marine  
  59  5:13  Engineering Bay  
  60  5:14  Engineering Bay  
  60  5:15  Refinery  
  60  5:16  Refinery  
  60  5:18  Barracks  
  60  5:19  Barracks  
  56  5:29  Marine  
  56  5:30  Widow Mine x2  
  61  5:36  Supply Depot  
  61  5:39  Starport Reactor  
  59  5:52  Orbital Command  
  59  5:54  Marine x2  
  59  6:15  Marine  
  59  6:17  Barracks Reactor x2, Marauder  
  55  6:21  Marine  
  55  6:23  Widow Mine  
  55  6:24  Medivac x2  
  62  6:27  Orbital Command  
  62  6:29  SCV x2  
  62  6:32  Widow Mine, Marine  
  67  6:41  SCV  
  67  6:42  Marine, Marauder  
  67  6:43  Armory  
  67  6:44  Supply Depot  
  71  6:52  Widow Mine  
  71  6:53  Concussive Shells, Combat Shields  
  73  6:54  SCV  
  73  6:56  SCV x2  
  73  7:00  Widow Mine  
  78  7:04  Medivac  
  78  7:06  SCV  
  81  7:09  SCV  
  81  7:10  Marine  
  81  7:11  Marine x5, Marauder x2  
  92  7:25  SCV  
  92  7:28  Marine x5  
  92  7:29  Marine  
  99  7:32  SCV, Marine  
  101  7:40  Barracks  
  101  7:41  Barracks  
  101  7:42  Barracks  
  101  7:43  Supply Depot  
  101  7:50  Supply Depot  
Tags
 
Add a new tag
Caveats
  • Supply blocks, unpowered buildings, or Contaminate may cause inaccurate times.
  • Supply counts are checked every 10 seconds.